 Dungeon Crawl Stone Soup version 0.27.1-33-g824d729ab1 (webtiles) character file.

Game seed: 6174027780745223162

1451 Altran the Covered (level 8, -1/70 HPs)
             Began as a Minotaur Fighter on Dec 9, 2021.
             Was a Follower of Okawaru.
             Killed from afar by Maggie (15 damage)
             ... with a bolt of fire
             ... on level 6 of the Dungeon.
             The game lasted 01:02:14 (9709 turns).

Altran the Covered (Minotaur Fighter)               Turns: 9709, Time: 01:02:15

Health: -1/70      AC:  9    Str: 23    XL:     8   Next: 47%
Magic:  0/7        EV: 11    Int:  5    God:    Okawaru [*.....]
Gold:   346        SH: 12    Dex: 10    Spells: 7/7 levels left

rFire    . . .     SeeInvis .   a - +0 flail
rCold    . . .     Faith    .   c - +0 kite shield
rNeg     . . .     Spirit   +   b - +0 scale mail
rPois    .         Reflect  .   (helmet restricted)
rElec    .         Harm     .   (no cloak)
rCorr    .         Rampage  .   (no gloves)
Will     .....                  (no boots)
Stlth    ++........             y - amulet of guardian spirit
HPRegen  0.21/turn              (no ring)
MPRegen  0.10/turn              (no ring)

@: heroic, mesmerised
A: horns 2, retaliatory headbutt
a: Renounce Religion, Heroism


You were on level 6 of the Dungeon.
You worshipped Okawaru.
Okawaru was aware of your devotion.
You visited 2 branches of the dungeon, and saw 7 of its levels.

You collected 346 gold pieces.

Inventory:

Hand Weapons
 a - a +0 flail (weapon)
 A - a +2 hand axe of flaming
Missiles
 e - 130 stones (quivered)
 j - 77 bolts
 o - 17 sling bullets
 r - 73 arrows
 x - 13 large rocks
Armour
 b - a +0 scale mail (worn)
 c - a +0 kite shield (worn)
Jewellery
 p - an amulet of faith
 y - an amulet of guardian spirit (around neck)
Scrolls
 f - a scroll of amnesia {unknown}
 g - 2 scrolls of noise {unknown}
 h - 2 scrolls of magic mapping {unknown}
 i - a scroll of fear {unknown}
 k - 4 scrolls of vulnerability {unknown}
 l - 4 scrolls of teleportation {unknown}
 m - 4 scrolls of identify {unknown}
 n - 2 scrolls of enchant weapon {unknown}
 s - a scroll of immolation {unknown}
 u - a scroll of summoning {unknown}
 v - a scroll of blinking {unknown}
 z - a scroll of enchant armour {unknown}
Potions
 d - a potion of might
 q - a potion of haste {unknown}
 t - 4 potions of flight {unknown}
 w - 3 potions of brilliance {unknown}
 B - a potion of resistance {unknown}


   Skills:
 + Level 6.1(11.1) Fighting
 + Level 7.5(12.5) Maces & Flails
 + Level 7.8(12.8) Armour
 + Level 2.3(7.3) Dodging
 - Level 1.0(6.0) Stealth
 + Level 6.0(11.0) Shields
 + Level 0.2 Invocations


You had 7 spell levels left.
You didn't know any spells.
Your spell library contained the following spells:

 Spells                   Type           Power      Damage    Failure   Level
 Animate Skeleton         Necr           0%         N/A       88%         1
 Pain                     Necr           0%         1d4       88%         1
 Sublimation of Blood     Necr           0%         N/A       95%         2
 Gell's Gravitas          Tloc           0%         N/A       99%         3
 Teleport Other           Tloc           0%         N/A       99%         3
 Vampiric Draining        Necr           0%         2d6       99%         3
 Dispersal                Tloc           0%         N/A       100%        6


Dungeon Overview and Level Annotations

Branches:
Dungeon (6/15)             Temple (1/1) D:5

Altars:
Ashenzari
Cheibriados
Dithmenos
Elyvilon
Fedhas
Gozag
Hepliaklqana
Kikubaaqudgha
Makhleb
Nemelex Xobeh
Okawaru
Qazlal
Ru
Sif Muna
Trog
Uskayaw
Vehumet
Wu Jian
Xom
Yredelemnul
Zin
The Shining One

Annotations:
D:6 Maggie


Innate Abilities, Weirdness & Mutations

You have a pair of horns on your head.
You reflexively headbutt those who attack you in melee.


Message History

Maggie attempts to bespell you!
You are mesmerised by Maggie!
You block the centaur zombie's attack. x2
You cannot move away from Maggie!
You gain the combat prowess of a mighty hero.
Maggie zaps a wand.
Your mind is blasted!
The centaur zombie hits you. You block the centaur zombie's attack.
You hit the centaur zombie. You headbutt the centaur zombie!
The centaur zombie is moderately damaged.
The centaur zombie hits you. You block the centaur zombie's attack.
You thump the centaur zombie!
The centaur zombie is heavily damaged.
You block the centaur zombie's attack. The centaur zombie barely misses you.
You block Maggie's attack.
You thump the centaur zombie!
The centaur zombie is almost destroyed.
You block the centaur zombie's attack. x2; Maggie barely misses you.
You barely miss the centaur zombie.
The centaur zombie is almost destroyed.
The centaur zombie hits you. You block the centaur zombie's attack.
You hit the centaur zombie but do no damage.
You headbutt the centaur zombie.
The centaur zombie is almost destroyed.
The centaur zombie closely misses you. x2; You block Maggie's attack.
The centaur zombie barely misses you. The centaur zombie closely misses you.
You hit the centaur zombie.
You destroy the centaur zombie!
Okawaru accepts your kill.
Maggie hits you with a +0 scimitar of flaming!
Maggie burns you.
* * * LOW HITPOINT WARNING * * *
You barely miss Maggie.
Maggie hits you with a +0 scimitar of flaming.
* * * LOW HITPOINT WARNING * * *
Maggie burns you.
* * * LOW HITPOINT WARNING * * *
You closely miss Maggie. Maggie gestures at you while chanting.
The bolt of fire hits you!
You die...

.. ..#########
..........#
#........# #
#....(...##.#
#...........
#.....@..# #@# #.#
########.. #
#.#####...... ....
##............. ..#
#..........# #. #.#
#..........# #.##.#
#..........###.....
#...............##.
#.....###..####.#..


You could see Maggie (mesmerising).

Vanquished Creatures
  A vampire (D:5)
  Menkaure (D:4)
  A sky beast (D:6)
  3 ogres
  3 phantoms
  Blork the orc (D:4)
  A cyclops zombie (D:4)
  A scorpion (D:4)
  A troll zombie (D:4)
  2 yak skeletons
  2 centaur zombies
  A hound (D:5)
  A kobold zombie (D:4)
  2 orc priests
  A bullfrog skeleton (D:6)
  A gnoll shaman (D:5)
  2 iguanas (D:5)
  A black bear skeleton (D:4)
  An ogre zombie (D:4)
  A hound skeleton (D:4)
  A howler monkey zombie (D:5)
  A howler monkey skeleton (D:4)
  2 gnolls (D:5)
  A gnoll zombie (D:4)
  11 adders
  An orc zombie (D:4)
  3 adder skeletons (D:4)
  An adder zombie (D:5)
  2 orc skeletons
  2 dart slugs
  7 orcs
  9 ball pythons
  9 endoplasms
  4 giant cockroaches
  17 goblins
  5 hobgoblins
  8 quokkas
  3 bats
  2 frilled lizards
  3 goblin skeletons (D:4)
  A goblin zombie (D:4)
  A hobgoblin skeleton (D:5)
  6 kobolds
  8 rats
  A rat zombie (D:4)
  A spectral goblin (D:3)
  A bush (D:4)
139 creatures vanquished.

Vanquished Creatures (others)
  An ogre (D:4)
  4 plants
  5 toadstools (D:1)
10 creatures vanquished.

Grand Total: 149 creatures vanquished

Notes
Turn   | Place    | Note
-------+----------+-------------------------------------------
     0 | D:1      | Altran the Minotaur Fighter began the quest for the Orb.
     0 | D:1      | Reached XP level 1. HP: 19/19 MP: 0/0
   258 | D:1      | Reached XP level 2. HP: 21/27 MP: 1/1
  1276 | D:2      | Reached XP level 3. HP: 28/33 MP: 2/2
  1982 | D:2      | Reached XP level 4. HP: 40/41 MP: 3/3
  2458 | D:2      | Reached skill level 5 in Armour
  2458 | D:2      | Reached XP level 5. HP: 46/47 MP: 4/4
  2852 | D:3      | Found a faded altar of an unknown god.
  3174 | D:3      | Noticed a phantom
  3424 | D:5      | Entered Level 5 of the Dungeon
  4076 | D:4      | Noticed Blork the orc
  4215 | D:4      | Killed Blork the orc
  4442 | D:3      | Killed a phantom
  4443 | D:3      | Reached XP level 6. HP: 42/55 MP: 5/5
  4517 | D:3      | Became a worshipper of Kikubaaqudgha
  4517 | D:3      | Reached * piety under Kikubaaqudgha
  4517 | D:3      | Received a gift from Kikubaaqudgha
  4835 | D:4      | Reached skill level 5 in Maces & Flails
  4835 | D:4      | Reached skill level 1 in Dodging
  5201 | D:4      | Noticed Menkaure
  5471 | D:5      | Reached skill level 5 in Fighting
  5518 | D:5      | Found a staircase to the Ecumenical Temple.
  5537 | Temple   | Entered the Ecumenical Temple
  5873 | Temple   | Fell from the grace of Kikubaaqudgha
  5873 | Temple   | Became a worshipper of Warmaster Okawaru
  6238 | D:4      | Reached XP level 7. HP: 53/61 MP: 6/6
  6359 | D:4      | Reached skill level 5 in Shields
  6872 | D:4      | Reached * piety under Okawaru
  6873 | D:4      | Reached skill level 1 in Stealth
  7204 | D:4      | Killed Menkaure
  7722 | D:5      | Found a stormy altar of Qazlal.
  7815 | D:5      | Reached XP level 8. HP: 67/69 MP: 5/7
  9697 | D:6      | Noticed Maggie
  9709 | D:6      | Killed from afar by Maggie

Illustrated notes

Levels and vault maps discovered:
D:1:      ldierk_walled_garden, layout_loops_ring
D:2:      minmay_angry_zag, layout_basic, minmay_snake_closets
D:3:      layout_basic, dreamdust_ecumenical_altar_drowned_temple
D:4:      minmay_chambers_of_threes, layout_loops_ring, serial_forest,
          infiniplex_forest_clump_curved, infiniplex_forest_straight_3,
          infiniplex_forest_clump_small, infiniplex_forest_clump_medium,
          infiniplex_forest_corner_1, infiniplex_forest_lined_2,
          minmay_ogre_servants, uniq_menkaure, uniq_blork_the_orc
D:5:      layout_gridville, grunt_qazlal_sundering, minmay_temple_entry_statues
D:6:      layout_basic, uniq_maggie, uniq_eustachio
Temple:   minmay_crystal_snake_temple

Skill      XL: |  1  2  3  4  5  6  7  8 |
---------------+-------------------------+-----
Fighting       | 4 5 6 |  6.1
Armour         | 4 5 6 7 |  7.8
Maces & Flails | 3 4 5 6 7 |  7.5
Shields        | 4 5 6 |  6.0
Dodging        | 1 2 |  2.3
Stealth        | 1 |  1.0
Invocations    | |  0.2

Action                   |  1- 3 |  4- 6 |  7- 9 || total
-------------------------+-------+-------+-------++-------
Melee: Flail             |    97 |   127 |   232 ||   456
       Headbutt          |     7 |    23 |    51 ||    81
Invok: Heroism           |       |       |     6 ||     6
  Use: Potion            |     1 |       |       ||     1
Armor: Scale mail        |    33 |    37 |    68 ||   138
Dodge: Dodged            |    23 |    34 |    73 ||   130
Block: Kite shield       |    37 |    63 |   108 ||   208
